 Dungeon Crawl Stone Soup version 0.25.1-2-g60ff931df9 (webtiles) character file.

Game seed: 16959416629162353043

39 Requim the Skirmisher (level 3, -1/33 HPs)
             Began as a Ghoul Chaos Knight on Aug 8, 2020.
             Was a Plaything of Xom.
             Slain by a jackal (3 damage)
             ... on level 1 of the Dungeon.
             The game lasted 00:07:57 (908 turns).

Requim the Skirmisher (Ghoul Chaos Knight)           Turns: 908, Time: 00:07:58

Health: -1/33      AC:  1    Str: 15    XL:     3   Next: 47%
Magic:  2/2        EV: 11    Int:  7    God:    Xom [..*...]
Gold:   83         SH:  0    Dex:  9    Spells: 2/2 levels left

rFire    . . .     SeeInvis .   a - +0 short sword (chaos)
rCold    + . .     Gourm    .   (no shield)
rNeg     + + +     Faith    .   (no armour)
rPois    ∞         Spirit   .   i - +0 helmet
rElec    .         Reflect  .   (no cloak)
rCorr    .         Harm     .   (no gloves)
MR       .....                  (no boots)
Stlth    +.........             (no amulet)
HPRegen  0.00/turn              (no ring)
MPRegen  0.08/turn              (no ring)

@: rotting
A: rotting body, claws 1, carnivore, cold resistance 1, negative energy
resistance 3, inhibited regeneration, torment resistance, unbreathing
a: Renounce Religion


You were on level 1 of the Dungeon.
You worshipped Xom.
You were a toy of Xom.
You were not hungry.

You visited 1 branch of the dungeon, and saw 1 of its levels.

You collected 83 gold pieces.

Inventory:

Hand Weapons
 a - a +0 short sword of chaos (weapon)
Armour
 b - a +2 leather armour
 i - a +0 helmet (worn)
Scrolls
 d - a scroll of identify {unknown}
 e - 2 scrolls of fear {unknown}
 h - a scroll of amnesia {unknown}
Potions
 g - a potion of stabbing {unknown}
 j - a potion of ambrosia {unknown}


   Skills:
 + Level 3.7 Fighting
 + Level 3.3 Short Blades
 + Level 2.1 Armour
 + Level 1.1 Dodging
 + Level 0.6 Stealth


You had 2 spell levels left.
You didn't know any spells.
Your spell library was empty.

Dungeon Overview and Level Annotations

Branches:
Dungeon (1/15)

Altars:


Innate Abilities, Weirdness & Mutations

Your body is rotting away.
You thrive on raw meat.
You are immune to poison.
You have sharp fingernails.
You are carnivorous and can eat meat at any time.
Your flesh is cold resistant. (rC+)
You are immune to negative energy. (rN+++)
You do not regenerate when monsters are visible.
You are immune to unholy pain and torment.
You can survive without breathing.


Message History

* * * LOW HITPOINT WARNING * * *
The jackal closely misses you.
You hit the jackal.
The jackal appears confused.
The jackal is almost dead.
The jackal bites you.
* * * LOW HITPOINT WARNING * * *
You barely miss the jackal.
The jackal is almost dead.
The jackal misses the jackal.
You hit the jackal.
You kill the jackal!
You hit the jackal.
The jackal is lightly wounded.
The jackal completely misses you.
You hit the jackal but do no damage.
The jackal flickers and vanishes!
Deactivating autopickup; reactivate with Ctrl-A.
Xom thinks this is hilarious!
Something bites you.
You die...
Xom yawns loudly!

###.....######.#...#.######
.†'.....'.).†(......>#
###.....###.##.....###
........# #.######.#######
##......# #.# #.......#
#.###### #.# #.......# #.
#.. ###.......# #. #.#
#...####### .. ### #@###
#{# ... # ..... # #.?.... #
#....... # #.......# #
+......># #


There were no monsters in sight!

Vanquished Creatures
  An ooze (D:1)
  A dart slug (D:1)
  A leopard gecko (D:1)
  3 bats (D:1)
  6 goblins (D:1)
  3 hobgoblins (D:1)
  5 jackals (D:1)
  6 kobolds (D:1)
  A frilled lizard (D:1)
27 creatures vanquished.

Vanquished Creatures (others)
  A ball python (D:1)
1 creature vanquished.

Grand Total: 28 creatures vanquished

Notes
Turn   | Place    | Note
-------+----------+-------------------------------------------
     0 | D:1      | Requim the Ghoul Chaos Knight began the quest for the Orb.
     0 | D:1      | Reached XP level 1. HP: 19/19 MP: 0/0
   304 | D:1      | Reached XP level 2. HP: 26/26 MP: 1/1
   492 | D:1      | XOM: silly message
   607 | D:1      | Reached XP level 3. HP: 16/31 MP: 2/2
   784 | D:1      | XOM: divination: detect items
   803 | D:1      | Reached skill level 1 in Dodging
   837 | D:1      | XOM: silly message
   908 | D:1      | Slain by a jackal

Illustrated notes

Levels and vault maps discovered:
D:1:      mainiacjoe_arrival_reflecting_pool, layout_basic

Skill      XL: |  1  2  3 |
---------------+----------+-----
Short Blades   | 3 |  3.3
Armour         | 2 |  2.1
Dodging        | 1 |  1.1
Fighting       | |  3.7
Stealth        | |  0.6

Action                   || total
-------------------------++-------
Melee: Short sword       ||   125
  Use: Potion            ||     2
 Stab: Petrifying        ||     1
  Eat: Ration            ||     1
       Chunk             ||    11
Armor: Leather armour    ||     6
       Scale mail        ||    30
       Skin              ||    10
Dodge: Dodged            ||    71
